AoeStats
← ivcrk826

Golden Pit

507238006Analyzed
1v1 RM · 15d ago on Sep 17, 2026· 52m 35s· 2 players
Game mode
Random Map
Map size
Tiny (2 player)
Population
200
Speed
Normal
Resources
Standard
Victory
Conquest
Starting age
Dark Age
Ending age
Imperial Age
RankedLock teamsTeams togetherTeam positionsShared explorationLock speedFull tech treeHidden civsTurbo modeCheats
Victory
Defeat
🇦🇷 Mongols · Argentina
1134
+14
🇦🇷 Ethiopians · Argentina
1099
-14
ivcrk826
6:54 Loom
10:19 Feudal Age
10:26 Man-at-Arms
10:57 Double-Bit Axe
25:07 Castle Age
24:34 Fletching
24:59 Horse Collar
25:20 Crossbowman
25:58 Bodkin Arrow
29:38 Wheelbarrow
29:52 Ballistics
44:32 Forging
48:19 Imperial Age
46:18 Padded Archer Armor
46:42 Thumb Ring
47:12 Elite Skirmisher
48:57 Leather Archer Armor
50:07 Bracer
51:04 Gold Mining
52:33 Ring Archer Armor
52:52 Gold Shaft Mining
EGIRR
6:45 Loom
8:43 Feudal Age
6:59 Loom
13:08 Double-Bit Axe
22:37 Castle Age
21:37 Gold Mining
22:00 Fletching
22:20 Padded Archer Armor
24:09 Bow Saw
27:00 Bodkin Arrow
29:42 Leather Archer Armor
30:28 Husbandry
30:40 Bloodlines
32:36 Wheelbarrow
31:47 Town Watch
33:18 Gold Shaft Mining
32:34 Stone Mining
40:59 Imperial Age
41:12 Horse Collar
41:57 Hand Cart
43:01 Chemistry
42:10 Bracer
44:14 Ballistics
45:28 Thumb Ring
45:58 Parthian Tactics
47:46 Light Cavalry
48:49 Scale Barding Armor
48:55 Forging
50:16 Hussar
51:17 Chain Barding Armor
51:41 Iron Casting
Connection lost

Rejoining the realm…

Still unreachable

The connection could not be restored.

Session expired

The server has moved on; the page needs a fresh start.